[Event "January 9 Late 2024"]
[Site "https://www.chess.com"]
[Date "2024.01.09"]
[Round "8"]
[White "Eggleston, Thomas A"]
[Black "Rubio Tent, Francisco"]
[Result "1-0"]
[Board "143"]
[TimeControl "180+1"]
[WhiteFideId "412139"]
[BlackFideId "2238233"]
[WhiteElo "2258"]
[BlackElo "2404"]
[WhiteTeam "ENG"]
[BlackTeam "ESP"]
[WhiteClock "0:00:18"]
[BlackClock "0:00:09"]

1. e4 c5 2. Nf3 Nc6 3. g3 g6 4. Bg2 Bg7 5. O-O e5 6. a3 Nge7 7. b4 b6 8. c3 O-O 9. b5 Nb8 10. d4 d6 11. Bb2 Bb7 12. Nbd2 Nd7 13. Re1 a6 14. a4 Qc7 15. dxe5 dxe5 16. Nc4 Rfd8 17. Qd6 Qxd6 18. Nxd6 Bc8 19. Ng5 Nf6 20. Ndxf7 Rd2 21. Bc1 Rc2 22. Nxe5 axb5 23. Nd3 Rxa4 24. Rb1 Rxc3 25. Nf4 b4 26. Bb2 Rc2 27. e5 Ng4 28. Nd5 Nf5 29. f4 Ra2 30. Nf6+ Bxf6 31. exf6 Raxb2 32. Re8# 1-0

[Event "January 9 Late 2024"]
[Site "https://www.chess.com"]
[Date "2024.01.10"]
[Round "8"]
[White "Goncalves, Samuel Jesus P"]
[Black "Rose, Felix"]
[Result "1/2-1/2"]
[Board "144"]
[TimeControl "180+1"]
[WhiteFideId "1945130"]
[BlackFideId "5105722"]
[WhiteElo "2394"]
[BlackElo "2245"]
[WhiteTeam "POR"]
[BlackTeam "MEX"]
[WhiteClock "0:00:36"]
[BlackClock "0:01:02"]

1. Nf3 d5 2. g3 Nf6 3. Bg2 g6 4. O-O Bg7 5. d4 O-O 6. c4 dxc4 7. Na3 c5 8. Nxc4 Nc6 9. dxc5 Ne4 10. Qxd8 Rxd8 11. Be3 Be6 12. Rac1 Rac8 13. a3 a5 14. Nb6 Bxb2 15. Rc2 Bxa3 16. Nxc8 Rxc8 17. Nd4 Nxd4 18. Bxd4 Nxc5 19. Ra1 Bb4 20. Rac1 b6 21. e3 Bb3 22. Rb2 a4 23. Ra1 f6 24. Bf1 e5 25. Bxc5 bxc5 26. Rxb3 axb3 27. Bc4+ Kg7 28. Bxb3 c4 29. Bc2 Rc7 30. Kf1 f5 31. Ra4 Bd6 32. Ke2 e4 33. f3 exf3+ 34. Kxf3 c3 35. e4 fxe4+ 36. Kxe4 Be7 37. Kd3 Bf6 38. Rc4 Rd7+ 39. Ke3 Rd2 40. Rc7+ Kh6 41. Bd3 Rxh2 42. Rf7 Kg5 43. Rc7 h5 44. Rc6 Rg2 45. Kf3 Rd2 46. Ke3 Rd1 47. Ke2 Ra1 48. Ke3 Ra4 49. Kf3 Ra5 50. Ke3 Re5+ 51. Kf3 Re1 52. Kf2 Rh1 53. Kf3 h4 54. gxh4+ Rxh4 55. Ke3 Rh3+ 56. Ke2 Rg3 57. Be4 Be5 58. Kf2 Kf4 59. Rxg6 Rxg6 60. Bxg6 Bf6 61. Ke2 Ke5 62. Kd3 Kd6 63. Kc2 Kc5 64. Bh7 Kb4 65. Bg6 Ka3 66. Bh7 Ka2 67. Bg6 Ka1 68. Bh7 Ka2 69. Bg6 Ka3 70. Bh7 Kb4 71. Bg6 Bh8 72. Bh7 Kc5 73. Bg6 Kd6 74. Bh7 Ke7 75. Bd3 Ke8 76. Be2 Kf8 77. Bd3 Bf6 78. Be2 Kg7 79. Bd3 Kh6 80. Be2 Kg5 81. Bd3 Kf4 82. Bh7 Kg3 83. Bg6 Kf2 84. Bh7 Ke1 85. Bg6 Be5 86. Bh7 Kf2 87. Bg6 Ke3 88. Bh7 Kd4 89. Bg6 Kc5 90. Bh7 Kb6 91. Bg6 Ka7 92. Bh7 Kb8 93. Bg6 Bh8 94. Bh7 Kc7 95. Bg6 Kd6 96. Bh7 Ke5 97. Bg6 Kf6 98. Bh7 Kg5 99. Bd3 Kf4 100. Kb3 c2 101. Bxc2 1/2-1/2

[Event "January 9 Late 2024"]
[Site "https://www.chess.com"]
[Date "2024.01.09"]
[Round "8"]
[White "Poddubnyi, Viktor"]
[Black "Rodriguez Dominguez, Melissa"]
[Result "1-0"]
[Board "145"]
[TimeControl "180+1"]
[WhiteFideId "4141989"]
[BlackFideId "3517560"]
[WhiteElo "2389"]
[BlackElo "2243"]
[WhiteTeam "RUS"]
[BlackTeam "CUB"]
[WhiteClock "0:00:37"]
[BlackClock "0:00:41"]

1. e4 c5 2. Nf3 e6 3. g3 Nc6 4. Bg2 Nf6 5. e5 Ng4 6. b4 Ngxe5 7. Nxe5 Nxe5 8. bxc5 Qf6 9. d4 Nc6 10. c3 h5 11. Nd2 h4 12. Ne4 Qf5 13. O-O hxg3 14. fxg3 Qh7 15. h3 f6 16. Rxf6 Be7 17. Rf1 b5 18. Ng5 Bxg5 19. Bxg5 b4 20. d5 Ne5 21. dxe6 Ba6 22. Qd6 Nf3+ 23. Rxf3 1-0

[Event "January 9 Late 2024"]
[Site "https://www.chess.com"]
[Date "2024.01.09"]
[Round "8"]
[White "Gonzalez Vega, Alejandro"]
[Black "Bueno, Alfeu Junior Varela"]
[Result "1/2-1/2"]
[Board "146"]
[TimeControl "180+1"]
[WhiteFideId "3510042"]
[BlackFideId "2108879"]
[WhiteElo "2226"]
[BlackElo "2379"]
[WhiteTeam "CUB"]
[BlackTeam "BRA"]
[WhiteClock "0:00:05"]
[BlackClock "0:00:04"]

1. e4 e6 2. Nf3 d5 3. e5 c5 4. b4 Nc6 5. bxc5 d4 6. Bd3 Bxc5 7. O-O Nge7 8. Re1 h6 9. Ba3 Qa5 10. Bxc5 Qxc5 11. c3 O-O 12. Qe2 Ng6 13. Qe4 Rd8 14. h4 Rb8 15. h5 Nf8 16. a4 b6 17. Qe2 Bb7 18. c4 Rbc8 19. Na3 Nb4 20. Nb5 Nxd3 21. Qxd3 Qxc4 22. Qxc4 Rxc4 23. Nd6 Rc7 24. Nxd4 Bd5 25. N4b5 Rc2 26. Nxa7 Rxd2 27. Nab5 Nd7 28. Nc3 Nxe5 29. Nxd5 Rxd5 30. Nb5 Ra8 31. Rec1 Rd7 32. Kh2 Ng4+ 33. Kg3 Nf6 34. f3 Nxh5+ 35. Kh2 Nf4 36. Rc6 Nd5 37. a5 Rxa5 38. Rxa5 bxa5 39. Ra6 Rd8 40. Rxa5 Rc8 41. Nd6 Rc7 42. Ra8+ Kh7 43. Ne8 Rd7 44. g4 Kg6 45. Rc8 f6 46. Kg3 Kf7 47. Nxf6 Nxf6 48. Kf4 Re7 49. Ke5 Nd7+ 50. Kf4 Kf6 51. Kg3 g5 52. Rh8 Kg7 53. Rd8 e5 54. Kf2 Rf7 55. Ke3 Kf6 56. Ke4 Re7 57. Kd5 Kg6 58. Kd6 Rg7 59. Rxd7 Rxd7+ 60. Kxd7 h5 61. gxh5+ Kxh5 62. Ke6 Kh4 63. Kxe5 Kg3 64. Kf5 Kxf3 65. Kxg5 1/2-1/2

[Event "January 9 Late 2024"]
[Site "https://www.chess.com"]
[Date "2024.01.09"]
[Round "8"]
[White "Carre, Sylvain"]
[Black "Cardozo Munar, Carlos Eduardo"]
[Result "0-1"]
[Board "147"]
[TimeControl "180+1"]
[WhiteFideId "642118"]
[BlackFideId "4409477"]
[WhiteElo "2351"]
[BlackElo "2220"]
[WhiteTeam "FRA"]
[BlackTeam "COL"]
[WhiteClock "0:00:16"]
[BlackClock "0:00:21"]

1. d4 d5 2. Bf4 e6 3. e3 Bd6 4. Bg3 Nf6 5. Nd2 Qe7 6. Ngf3 Nbd7 7. Ne5 O-O 8. Bd3 g6 9. f4 Nh5 10. Qf3 f6 11. Nxg6 hxg6 12. Bxg6 Ng7 13. h4 e5 14. Qxd5+ Qe6 15. Qxe6+ Nxe6 16. f5 Ng7 17. Ne4 Nb6 18. O-O Nd5 19. Rae1 Ne7 20. Nxf6+ Rxf6 21. dxe5 Nxg6 22. exf6 Bxg3 23. fxg6 Bxe1 24. Rxe1 Nh5 25. f7+ Kg7 26. Rd1 Be6 27. Rd4 Kxg6 28. g4 Nf6 29. g5 Nd5 30. e4 Nf4 31. Rd2 Rf8 32. Kf2 Rxf7 33. Ke3 Nh5 34. Rd8 Re7 35. Rb8 Bd5 36. Ra8 Bxe4 37. Kd4 a6 38. Ra7 Bc6 39. c4 Re8 40. b4 Ng7 41. a4 Ne6+ 42. Kc3 Rd8 43. b5 axb5 44. cxb5 Be4 45. a5 Rd3+ 46. Kc4 Rd8 47. a6 bxa6 48. bxa6 Ra8 49. Rxa8 Bxa8 50. a7 Nxg5 51. hxg5 Kxg5 52. Kd4 Kf6 53. Kc5 Ke7 54. Kb5 Kd6 55. Ka6 c5 56. Kb5 Kd5 57. Kb6 Kd4 58. Kc7 c4 59. Kb8 Bg2 60. Kc7 c3 61. a8=Q Bxa8 0-1

[Event "January 9 Late 2024"]
[Site "https://www.chess.com"]
[Date "2024.01.09"]
[Round "8"]
[White "Sanchez Alvares, Kelvin Antonio"]
[Black "Sailer, Mike"]
[Result "1-0"]
[Board "148"]
[TimeControl "180+1"]
[WhiteFideId "3906680"]
[BlackFideId "2012901"]
[WhiteElo "2342"]
[BlackElo "2209"]
[WhiteTeam "VEN"]
[BlackTeam "USA"]
[WhiteClock "0:00:11"]
[BlackClock "0:00:00"]

1. e4 d5 2. exd5 Qxd5 3. Nc3 Qd6 4. d4 c6 5. Nf3 Bg4 6. Be3 Nf6 7. g3 e6 8. Bg2 Qc7 9. Qd2 Bd6 10. O-O O-O 11. Bg5 Nbd7 12. Rfe1 a5 13. Ne4 Nxe4 14. Rxe4 Bf5 15. Ree1 Nb6 16. b3 Nd5 17. a3 h6 18. Be3 Nxe3 19. Rxe3 a4 20. c4 axb3 21. Rxb3 Ra7 22. c5 Be7 23. Rb6 Be4 24. Qb2 Bd5 25. Rb1 Rb8 26. Ne5 Bxg2 27. Kxg2 Bxc5 28. dxc5 Rxa3 29. Qxa3 Qxe5 30. Qe3 Qd5+ 31. Kg1 Ra8 32. Rxb7 Ra2 33. Qf4 f5 34. Re1 Qxc5 35. Qe3 Qc2 36. Qxe6+ Kh7 37. Qe3 Kh8 38. Rf1 Kh7 39. Qe7 Qb2 40. Qf7 1-0

[Event "January 9 Late 2024"]
[Site "https://www.chess.com"]
[Date "2024.01.09"]
[Round "8"]
[White "Mesa Cruz, Juan Carlos"]
[Black "Jing, Andrew"]
[Result "0-1"]
[Board "149"]
[TimeControl "180+1"]
[WhiteFideId "6423400"]
[BlackFideId "30984076"]
[WhiteElo "2340"]
[BlackElo "2165"]
[WhiteTeam "DOM"]
[BlackTeam "USA"]
[WhiteClock "0:00:07"]
[BlackClock "0:01:03"]

1. e4 e5 2. Nf3 Nc6 3. Bc4 Nf6 4. d3 Bc5 5. c3 a6 6. b4 Ba7 7. a4 d6 8. Nbd2 O-O 9. Nf1 Ne7 10. Ng3 d5 11. Bb3 Ng6 12. O-O c6 13. Bg5 Be6 14. Nh5 dxe4 15. Bxf6 gxf6 16. dxe4 Qxd1 17. Bxd1 f5 18. exf5 Bxf5 19. Ng3 Be6 20. Re1 f6 21. Bc2 Nf4 22. a5 Rad8 23. Rad1 Bc4 24. Ne4 Kg7 25. Nh4 Rxd1 26. Rxd1 Be6 27. g3 Ne2+ 28. Kf1 Bc4 29. Bd3 Bxd3 30. Rxd3 f5 31. Rd7+ Kh6 32. Nd6 Nxc3 33. Ndxf5+ Kg5 34. Rg7+ Kf6 35. Rxb7 Bd4 36. Rxh7 Ne4 37. Rh6+ Kg5 38. Rxc6 Nxf2 39. Ne7 Ng4+ 40. Ke2 Rf2+ 41. Kd3 Nxh2 42. Rg6+ Kh5 43. Rd6 Nf3 44. Nhf5 Rd2+ 45. Ke4 Ng5+ 46. Kd5 Bc3+ 47. Kc6 Rxd6+ 48. Nxd6 Bxb4 49. Nc4 e4 50. Nd5 Be1 51. Nc7 Bxg3 52. Kd5 Bxc7 53. Kc6 Bxa5 54. Nxa5 e3 55. Nb3 e2 56. Kb6 e1=Q 57. Kxa6 Qb4 58. Na5 Ne6 59. Nc6 Nc5+ 60. Ka7 Qb7# 0-1

[Event "January 9 Late 2024"]
[Site "https://www.chess.com"]
[Date "2024.01.09"]
[Round "8"]
[White "Korol, Dimitry"]
[Black "Aung Thant Zin"]
[Result "1-0"]
[Board "150"]
[TimeControl "180+1"]
[WhiteFideId "14108003"]
[BlackFideId "13000063"]
[WhiteElo "2335"]
[BlackElo "2148"]
[WhiteTeam "UKR"]
[BlackTeam "MYA"]
[WhiteClock "0:00:20"]
[BlackClock "0:00:00"]

1. d4 Nf6 2. c4 e6 3. Nc3 Bb4 4. Qc2 c5 5. dxc5 Bxc5 6. Nf3 h6 7. Bf4 a6 8. e3 O-O 9. Be2 Nc6 10. O-O d5 11. Rfd1 Qe7 12. cxd5 Nb4 13. Qb3 Nbxd5 14. Nxd5 Nxd5 15. Bg3 b5 16. Rac1 Bb7 17. a4 bxa4 18. Qxa4 Rfc8 19. h3 Nf6 20. Bh4 Qe8 21. Qa5 Ne4 22. Nd2 Nxd2 23. Rxd2 Bb6 24. Rxc8 Bxa5 25. Rxe8+ Rxe8 26. Rd7 Bc6 27. Ra7 Rb8 28. Rxa6 Rxb2 29. Bd3 Rd2 30. Bc4 1-0

[Event "January 9 Late 2024"]
[Site "https://www.chess.com"]
[Date "2024.01.09"]
[Round "8"]
[White "Harrington, Steve"]
[Black "Pein, Jonathan"]
[Result "1-0"]
[Board "151"]
[TimeControl "180+1"]
[WhiteFideId "2038730"]
[BlackFideId "417092"]
[WhiteElo "2146"]
[BlackElo "2325"]
[WhiteTeam "USA"]
[BlackTeam "ENG"]
[WhiteClock "0:00:02"]
[BlackClock "0:00:11"]

1. e4 e5 2. d4 exd4 3. Nf3 d6 4. Nxd4 Nf6 5. Nc3 g6 6. h3 Bg7 7. Be3 O-O 8. Qd2 Re8 9. Bd3 Nbd7 10. O-O Nc5 11. f4 Ncxe4 12. Nxe4 Nxe4 13. Qc1 Qe7 14. Re1 d5 15. c3 c6 16. Qc2 Bd7 17. a4 Qh4 18. Bxe4 Rxe4 19. Qf2 Qxf2+ 20. Kxf2 Rae8 21. Bd2 Bxd4+ 22. cxd4 Rxd4 23. Rxe8+ Bxe8 24. Bc3 Rxf4+ 25. Kg3 Re4 26. a5 c5 27. Bf6 Re6 28. Bd8 Kg7 29. Rc1 b6 30. axb6 axb6 31. Ra1 Bb5 32. Ra7 Bf1 33. Rb7 Re2 34. Rxb6 Rxg2+ 35. Kf3 Rc2 36. Bf6+ Kh6 37. Rb7 Bxh3 38. Rxf7 Bf5 39. Kf4 Rf2+ 40. Kg3 Rd2 41. Kh4 Rh2+ 42. Kg3 Rh3+ 43. Kf4 Rh5 44. Bg7# 1-0

[Event "January 9 Late 2024"]
[Site "https://www.chess.com"]
[Date "2024.01.09"]
[Round "8"]
[White "Bonin, Jay"]
[Black "Curtis, John"]
[Result "1-0"]
[Board "152"]
[TimeControl "180+1"]
[WhiteFideId "2000644"]
[BlackFideId "3200256"]
[WhiteElo "2316"]
[BlackElo "2126"]
[WhiteTeam "USA"]
[BlackTeam "AUS"]
[WhiteClock "0:01:14"]
[BlackClock "0:00:00"]

1. d4 Nf6 2. Nf3 g6 3. c4 Bg7 4. Nc3 O-O 5. e4 d6 6. Be2 Bg4 7. Be3 Nfd7 8. Ng1 Bxe2 9. Ngxe2 c5 10. f3 Nc6 11. Qd2 cxd4 12. Nxd4 Nxd4 13. Bxd4 Ne5 14. b3 a6 15. O-O f6 16. Rad1 Nc6 17. Be3 f5 18. exf5 gxf5 19. Nd5 Rf7 20. Rfe1 Qf8 21. Nc7 Rc8 22. Ne6 Qe8 23. Bh6 Bf6 24. Qf4 Qd7 25. Rd5 Be5 26. Qg5+ Kh8 27. Rexe5 Rg8 28. Bg7+ Rgxg7 29. Nxg7 1-0

[Event "January 9 Late 2024"]
[Site "https://www.chess.com"]
[Date "2024.01.09"]
[Round "8"]
[White "Ardila, Oscar Humberto"]
[Black "Dahlgren, James Allen"]
[Result "1-0"]
[Board "153"]
[TimeControl "180+1"]
[WhiteFideId "4404742"]
[BlackFideId "22256873"]
[WhiteElo "2311"]
[BlackElo "2126"]
[WhiteTeam "COL"]
[BlackTeam "ESP"]
[WhiteClock "0:02:01"]
[BlackClock "0:01:25"]

1. d4 e6 2. c4 c5 3. dxc5 Bxc5 4. Nf3 Nf6 5. e3 O-O 6. Be2 Nc6 7. O-O d5 8. Nc3 h6 9. Bd2 a6 10. Rc1 dxc4 11. Bxc4 b5 12. Bb3 Qb6 13. Qe2 Bb7 14. Rfd1 Rfd8 15. Be1 Rxd1 16. Rxd1 Rd8 17. Bc2 Nb4 18. Bb1 Nbd5 19. Ne5 Nxc3 20. Bxc3 b4 21. Be1 a5 22. Nc4 Qc6 23. Rxd8+ 1-0

[Event "January 9 Late 2024"]
[Site "https://www.chess.com"]
[Date "2024.01.09"]
[Round "8"]
[White "Yushko, Olga"]
[Black "Sultanbek, Zeinep"]
[Result "0-1"]
[Board "154"]
[TimeControl "180+1"]
[WhiteFideId "14114500"]
[BlackFideId "13710419"]
[WhiteElo "2118"]
[BlackElo "2303"]
[WhiteTeam "UKR"]
[BlackTeam "KAZ"]
[WhiteClock "0:00:15"]
[BlackClock "0:00:09"]

1. d4 d5 2. c4 e6 3. Nc3 Nf6 4. Bg5 Be7 5. cxd5 exd5 6. e3 c6 7. Qc2 Nbd7 8. Bd3 h6 9. Bh4 Nh5 10. Bxe7 Qxe7 11. Nge2 Nb6 12. O-O O-O 13. Rab1 f5 14. b4 f4 15. Bg6 f3 16. Bxh5 Bf5 17. e4 fxe2 18. exf5 exf1=Q+ 19. Rxf1 Qg5 20. Bg6 Nc8 21. Qe2 Qf6 22. Re1 Qxd4 23. Qe6+ Kh8 24. Ne2 Qxb4 25. Ng3 Nd6 26. Qe7 Rae8 27. Bxe8 Rxe8 28. Qxe8+ Nxe8 29. Rxe8+ Kh7 30. h3 d4 31. Rd8 Qe1+ 32. Nf1 c5 33. Rd7 Qe5 34. g4 c4 35. Nd2 Qe1+ 36. Nf1 d3 37. f6 Kg8 38. Rxg7+ Kf8 39. Rd7 b5 40. Kg2 b4 41. Ne3 b3 42. axb3 cxb3 43. Rxd3 b2 44. Rb3 b1=Q 45. Rxb1 Qxb1 46. Nf5 Qxf5 47. gxf5 a5 48. Kg3 a4 49. Kg4 a3 50. Kh5 a2 51. Kxh6 Kf7 52. h4 a1=Q 53. h5 Qxf6+ 54. Kh7 Qg7# 0-1

[Event "January 9 Late 2024"]
[Site "https://www.chess.com"]
[Date "2024.01.09"]
[Round "8"]
[White "Antunes, Luciano Justi"]
[Black "Skaric, Djuro"]
[Result "1-0"]
[Board "155"]
[TimeControl "180+1"]
[WhiteFideId "2126893"]
[BlackFideId "934569"]
[WhiteElo "2117"]
[BlackElo "2303"]
[WhiteTeam "BRA"]
[BlackTeam "SRB"]
[WhiteClock "0:00:08"]
[BlackClock "0:00:04"]

1. d4 d6 2. e4 g6 3. Nc3 Bg7 4. Be3 Nf6 5. f3 O-O 6. Qd2 Nc6 7. Nge2 e5 8. d5 Ne7 9. g4 c6 10. g5 Nh5 11. O-O-O c5 12. Ng3 a6 13. Nxh5 gxh5 14. h4 Ng6 15. Ne2 b5 16. Kb1 b4 17. Bh3 Bxh3 18. Rxh3 Qd7 19. Rh2 a5 20. Ng3 Nf4 21. Bxf4 exf4 22. Nxh5 Be5 23. Nf6+ Bxf6 24. gxf6 Kh8 25. Qxf4 Rg8 26. Rc1 Rae8 27. h5 Re5 28. Rh4 Reg5 29. b3 h6 30. Re1 Kh7 31. e5 dxe5 32. Rxe5 a4 33. bxa4 Rg1+ 34. Kb2 Qxa4 35. Qe4+ Kh8 36. Qd3 Ra8 37. Qb3 Rg2 38. Qxa4 Rxa4 39. Rg4 Rxg4 40. fxg4 Ra6 41. Rf5 Kg8 42. Kb3 Ra3+ 43. Kb2 Kf8 44. g5 hxg5 45. Rxg5 Ke8 46. d6 Kd7 47. Rg7 Kxd6 48. Rxf7 Rh3 49. Rh7 c4 50. f7 Ke7 51. h6 Kf8 52. Rh8+ Kxf7 53. Rb8 b3 54. axb3 cxb3 55. Rxb3 Rxh6 56. Rb7+ Ke8 57. Kb3 Kd8 58. Kb4 Kc8 59. Rg7 Rb6+ 60. Kc5 Rh6 61. c4 Kb8 62. Kb5 Rh5+ 63. c5 Rh1 64. Rf7 Rb1+ 65. Kc6 Rh1 66. Rf8+ Ka7 67. Kc7 Rh7+ 68. Kc6 Rh6+ 69. Kb5 Rh5 70. Rf7+ Kb8 71. Rg7 Rh1 72. Rg6 Rb1+ 73. Kc6 Ka7 74. Rg7+ Kb8 75. Rg8+ Ka7 76. Kc7 Rc1 77. c6 Ka6 78. Rg3 Kb5 79. Rb3+ Kc5 80. Rb2 Kd5 81. Rd2+ Kc5 82. Kd7 Kb6 83. Rb2+ Ka7 84. c7 Rd1+ 85. Kc8 Ka8 86. Ra2# 1-0

[Event "January 9 Late 2024"]
[Site "https://www.chess.com"]
[Date "2024.01.10"]
[Round "8"]
[White "Kargosha, Bahman"]
[Black "Reinecke, Katharina"]
[Result "1-0"]
[Board "156"]
[TimeControl "180+1"]
[WhiteFideId "12503452"]
[BlackFideId "12929727"]
[WhiteElo "2298"]
[BlackElo "2029"]
[WhiteTeam "AUS"]
[BlackTeam "GER"]
[WhiteClock "0:00:30"]
[BlackClock "0:00:11"]

1. d4 d5 2. c4 c6 3. Nc3 Nf6 4. e3 e6 5. Nf3 Be7 6. Qc2 O-O 7. b3 a6 8. Bb2 b5 9. Bd3 Bb7 10. O-O Nbd7 11. Rfd1 bxc4 12. bxc4 c5 13. cxd5 cxd4 14. Nxd4 exd5 15. Nf5 Bb4 16. Ne2 Rc8 17. Qb3 a5 18. a3 Nc5 19. Qa2 Nxd3 20. Rxd3 Bc5 21. Rad1 Ba6 22. R3d2 Qd7 23. Neg3 g6 24. Bxf6 Bc4 25. Qb1 gxf5 26. Nxf5 Rfe8 27. Nh6+ Kf8 28. Qxh7 1-0

[Event "January 9 Late 2024"]
[Site "https://www.chess.com"]
[Date "2024.01.10"]
[Round "8"]
[White "Burke, Paul"]
[Black "Haack, Kevin"]
[Result "1-0"]
[Board "157"]
[TimeControl "180+1"]
[WhiteFideId "2605767"]
[BlackFideId "16228715"]
[WhiteElo "1894"]
[BlackElo "2289"]
[WhiteTeam "CAN"]
[BlackTeam "GER"]
[WhiteClock "0:00:12"]
[BlackClock "0:00:25"]

1. e4 e6 2. d4 d5 3. e5 c5 4. Qg4 cxd4 5. Nf3 Nc6 6. Bd3 Nge7 7. O-O Ng6 8. Qg3 Qc7 9. Re1 Bd7 10. c3 dxc3 11. Nxc3 a6 12. a3 O-O-O 13. Bd2 Kb8 14. Rac1 Ka8 15. b4 b5 16. Bxb5 axb5 17. Nxb5 Qb7 18. Nd6 Bxd6 19. exd6 Rc8 20. h4 h5 21. Ng5 Rhf8 22. Nh7 Rfe8 23. Ng5 f6 24. Nxe6 Bxe6 25. Qxg6 Nd4 26. Qd3 Rxc1 27. Rxc1 Nb5 28. a4 Nxd6 29. b5 Nc4 30. Bb4 Rc8 31. Qe2 Ne5 32. Rxc8+ Qxc8 33. Bd6 Qc1+ 34. Kh2 Ng4+ 35. Kg3 Qc3+ 36. f3 Ne5 37. b6 Bc8 38. Qb5 Qc6 39. Qa5+ Kb7 40. Qa7# 1-0

[Event "January 9 Late 2024"]
[Site "https://www.chess.com"]
[Date "2024.01.09"]
[Round "8"]
[White "Ambrogi, Agustin"]
[Black "Winkels, Marcel"]
[Result "1-0"]
[Board "158"]
[TimeControl "180+1"]
[WhiteFideId "170933"]
[BlackFideId "1003887"]
[WhiteElo "2384"]
[BlackElo "2019"]
[WhiteTeam "ARG"]
[BlackTeam "NED"]
[WhiteClock "0:01:32"]
[BlackClock "0:00:06"]

1. e4 e6 2. d4 d5 3. Nc3 Bb4 4. e5 c5 5. Bd2 cxd4 6. Nb5 Be7 7. Nxd4 Nc6 8. Ngf3 f6 9. exf6 Nxf6 10. Nxc6 bxc6 11. Bd3 Qc7 12. Qe2 O-O 13. O-O Bd6 14. Rae1 Bd7 15. h3 Rae8 16. Ne5 Bxe5 17. Qxe5 Qxe5 18. Rxe5 c5 19. Rfe1 c4 20. Bf1 Ne4 21. Be3 a5 22. Bxc4 Nxf2 23. Bxf2 dxc4 24. Rxa5 Rb8 25. Ra7 Bc8 26. Rd1 Rxb2 27. Bd4 Rb7 28. Rxb7 Bxb7 29. Be5 Bd5 30. Rb1 h6 31. Rb8 Rxb8 32. Bxb8 Kf7 33. Be5 Ke7 34. Bxg7 h5 35. g4 hxg4 36. hxg4 Kd6 37. Kf2 Kc5 38. Ke3 Kb4 39. Bf8+ Kc3 40. a4 Kxc2 41. a5 c3 42. a6 Kd1 43. a7 c2 44. Ba3 e5 45. g5 1-0

[Event "January 9 Late 2024"]
[Site "https://www.chess.com"]
[Date "2024.01.09"]
[Round "8"]
[White "Thake, Conrad"]
[Black "Slavin, Alexey"]
[Result "0-1"]
[Board "159"]
[TimeControl "180+1"]
[WhiteFideId "5602947"]
[BlackFideId "24104388"]
[WhiteElo "1852"]
[BlackElo "2280"]
[WhiteTeam "MLT"]
[BlackTeam "RUS"]
[WhiteClock "0:00:00"]
[BlackClock "0:00:15"]

1. c4 Nc6 2. Nc3 Nf6 3. g3 e5 4. d3 d5 5. cxd5 Nxd5 6. Bg2 Nxc3 7. bxc3 Bd6 8. Nf3 O-O 9. O-O h6 10. Rb1 Rb8 11. a4 a6 12. d4 exd4 13. cxd4 Bf5 14. Ra1 Re8 15. Ba3 Nb4 16. Bxb4 Bxb4 17. e3 Bd6 18. Qb3 b5 19. axb5 axb5 20. Ra7 b4 21. Nh4 Be6 22. d5 Bd7 23. e4 Qf6 24. Raa1 Bg4 25. h3 Bd7 26. Rad1 Be5 27. f4 Bc3 28. e5 Qb6+ 29. Kh2 Bb5 30. Rf3 Be2 31. Rxc3 bxc3 32. Qxb6 Rxb6 33. Rc1 Rb3 34. Nf5 Bd3 35. Nd4 Ra3 36. e6 Kf8 37. exf7 Kxf7 38. Ne6 Re7 39. g4 c2 40. f5 Rb3 41. Nd4 Rb1 0-1

[Event "January 9 Late 2024"]
[Site "https://www.chess.com"]
[Date "2024.01.09"]
[Round "8"]
[White "Bassan Noriega, Remo Enrique"]
[Black "Kappeler, Kaspar"]
[Result "1/2-1/2"]
[Board "160"]
[TimeControl "180+1"]
[WhiteFideId "3901564"]
[BlackFideId "1309072"]
[WhiteElo "2550"]
[BlackElo "2250"]
[WhiteTeam "VEN"]
[BlackTeam "SUI"]
[WhiteClock "0:00:59"]
[BlackClock "0:00:19"]

1. Nf3 d5 2. g3 c5 3. Bg2 Nc6 4. O-O e6 5. d3 g6 6. b3 Bg7 7. c3 Nge7 8. Bb2 O-O 9. Nbd2 b6 10. Re1 Bb7 11. h4 h6 12. Rc1 Qc7 13. d4 cxd4 14. cxd4 Rac8 15. Ne5 Qd6 16. e4 Nxe5 17. dxe5 Bxe5 18. Bxe5 Qxe5 19. exd5 Qd4 20. Rc4 Rxc4 21. bxc4 Nf5 22. dxe6 Bxg2 23. Kxg2 Rd8 24. e7 Re8 25. Qa4 Rxe7 26. Rxe7 Nxe7 27. Qe8+ Kg7 28. Qxe7 Qxd2 29. Qxa7 Qd4 30. Qc7 h5 31. Qf4 Qc5 32. Qd4+ Qxd4 33. c5 1/2-1/2

[Event "January 9 Late 2024"]
[Site "https://www.chess.com"]
[Date "2024.01.09"]
[Round "8"]
[White "Quirke, Jeffrey"]
[Black "Awoki, Daniel Teidi"]
[Result "1-0"]
[Board "161"]
[TimeControl "180+1"]
[WhiteFideId "2013029"]
[BlackFideId "2100827"]
[WhiteElo "2134"]
[BlackElo "2431"]
[WhiteTeam "USA"]
[BlackTeam "BRA"]
[WhiteClock "0:00:49"]
[BlackClock "0:00:02"]

1. e4 c5 2. c3 Nf6 3. e5 Nd5 4. Nf3 d6 5. d4 cxd4 6. cxd4 Nc6 7. Bc4 e6 8. O-O Be7 9. Qe2 O-O 10. Rd1 Qc7 11. Bxd5 exd5 12. Nc3 Be6 13. Bf4 dxe5 14. Nxe5 Nxe5 15. Bxe5 Bd6 16. Bxd6 Qxd6 17. Rac1 a6 18. Na4 Rac8 19. Nc5 b5 20. b4 Bf5 21. Qe5 Qxe5 22. dxe5 Rc6 23. Rxd5 Re8 24. f4 h6 25. Rcd1 Be6 26. Rd8 Kf8 27. Rxe8+ Kxe8 28. a3 Bf5 29. Rd6 Rc8 30. Rxa6 Rd8 31. Rd6 Ra8 32. Ra6 Rd8 33. Ra5 Rd1+ 34. Kf2 Ra1 35. Nb7 Ra2+ 36. Kf3 Be6 37. Nd6+ Kf8 38. Ra8+ Ke7 39. Ra7+ Kf8 40. Nxb5 Bd5+ 41. Ke3 Bxg2 42. Nd6 Bd5 43. b5 Rxh2 44. b6 Rb2 45. b7 Bxb7 46. Rxb7 Ra2 47. Rxf7+ Kg8 48. Ra7 h5 49. Nf5 g6 50. Nh4 Rh2 51. Nxg6 h4 52. Nxh4 Rxh4 53. Ke4 1-0

[Event "January 9 Late 2024"]
[Site "https://www.chess.com"]
[Date "2024.01.10"]
[Round "8"]
[White "Floresvillar Gonzalez, Luis Migu"]
[Black "Wang, Alexander J"]
[Result "1-0"]
[Board "162"]
[TimeControl "180+1"]
[WhiteFideId "5100542"]
[BlackFideId "30955270"]
[WhiteElo "2131"]
[BlackElo "2210"]
[WhiteTeam "MEX"]
[BlackTeam "USA"]
[WhiteClock "0:00:51"]
[BlackClock "0:00:00"]

1. e4 c5 2. Nf3 d6 3. d4 cxd4 4. c3 dxc3 5. Nxc3 Nf6 6. Bc4 e6 7. e5 d5 8. exf6 dxc4 9. Qxd8+ Kxd8 10. Bg5 Ke8 11. O-O-O Bd7 12. Nd2 h6 13. Bh4 g5 14. Bg3 Bc6 15. f3 Nd7 16. Nxc4 Bc5 17. Nd6+ Bxd6 18. Bxd6 Rg8 19. Be7 Ne5 20. Ne4 Bxe4 21. fxe4 Ng6 22. Bd6 Rc8+ 23. Kb1 Nf4 24. g3 Nh5 25. e5 g4 26. Rd4 Rg5 27. Rhd1 Kd7 28. Bf8+ Kc7 29. Bxh6 1-0

[Event "January 9 Late 2024"]
[Site "https://www.chess.com"]
[Date "2024.01.09"]
[Round "8"]
[White "Keuchel, Destynn"]
[Black "Garcia Correa, Jose Ricardo"]
[Result "0-1"]
[Board "163"]
[TimeControl "180+1"]
[WhiteFideId "30923018"]
[BlackFideId "5101832"]
[WhiteElo "2071"]
[BlackElo "2202"]
[WhiteTeam "USA"]
[BlackTeam "MEX"]
[WhiteClock "0:00:20"]
[BlackClock "0:00:08"]

1. e4 c5 2. c3 e6 3. d4 d5 4. dxc5 Bxc5 5. exd5 Qf6 6. Nf3 h6 7. Bb5+ Nd7 8. O-O Ne7 9. dxe6 Qxe6 10. Re1 Qb6 11. Qe2 a6 12. Bxd7+ Bxd7 13. b4 Bd6 14. Be3 Qc7 15. Bd4 O-O 16. Nbd2 Nc6 17. Nb3 Rae8 18. Qd3 Rd8 19. h3 Bc8 20. Qe2 Be6 21. Rad1 b5 22. Nc5 Bc4 23. Qc2 a5 24. a3 a4 25. Qc1 Nxd4 26. cxd4 Bd5 27. Qe3 Bf4 28. Qe7 Qc6 29. Rd3 Qg6 30. Nh4 Qh5 31. g4 Qg5 32. Qxg5 hxg5 33. Nf5 Bc4 34. Rdd1 g6 35. Ne7+ Kg7 36. Nc6 Rd5 37. Ne7 Rd6 38. Re4 f5 39. gxf5 gxf5 40. Ree1 Kf6 41. f3 Bg3 42. Re3 Bf4 43. Ree1 Rf7 44. Nc8 Re6 45. Nxe6 Bxe6 46. Nb6 Bb3 47. Rd3 Bg3 48. d5 Bxe1 49. d6 Bc4 50. d7 Bxd3 51. d8=Q+ Kg6 52. Qxd3 Bg3 53. h4 gxh4 54. Qd5 Rf6 55. Qg8+ Kh5 56. Nd5 Rg6 57. Qh8+ Kg5 58. Kf1 f4 59. Qd8+ Kh6 60. Qh8+ Kg5 61. Qd8+ Kh6 62. Qe8 Kg5 63. Ke2 h3 64. Qe7+ Kh6 65. Qh4+ Bxh4 66. Nxf4 Rg2+ 67. Kf1 Ra2 68. Nxh3 Rxa3 69. f4 Rb3 70. Kg2 Rxb4 71. f5 Rg4+ 72. Kf3 Rg3+ 73. Kf4 Rxh3 74. Kg4 Kg7 75. Kxh3 Bf6 76. Kg4 a3 77. Kf3 a2 78. Ke2 a1=Q 79. Kd3 Qe5 80. Kc2 Qxf5+ 81. Kb3 Qe4 82. Ka3 b4+ 83. Ka2 Qe2+ 84. Kb1 Qb2# 0-1